| TOP OF THE 1ST |
|
Williston Water Wolves batting - Pitching for Medicine Hat Blue Jays : RHP Erol Akchurin
|
|
Pitching: RHP Erol Akchurin
|
|
|
Batting: RHB Jim Reboulet
|
0-0: Called Strike 0-1: Swinging Strike 0-2: Ball 1-2: Ball 2-2: Ball 3-2: Strikes out swinging
|
|
Batting: SHB Juan Castillo
|
0-0: Ball 1-0: Ball 2-0: Ball 3-0: Called Strike 3-1: Base on Balls
|
|
Batting: RHB Pat Jelks
|
0-0: Ball 1-0: Ball 2-0: Foul Ball, location: 2F 2-1: Swinging Strike 2-2: Ball 3-2: Fly out, F5 (Flyball, 5D, EV 72.5 MPH)
|
|
Batting: RHB Tom Pagnozzi
|
0-0: Ball 1-0: Fly out, F9 (Flyball, 9S, EV 88.8 MPH)
|
| Top of the 1st over - 0 runs, 0 hits, 0 errors, 1 left on base; Williston 0 - Medicine Hat 0 |
| BOTTOM OF THE 1ST |
|
Medicine Hat Blue Jays batting - Pitching for Williston Water Wolves : RHP Mike Warren
|
|
Pitching: RHP Mike Warren
|
|
|
Batting: LHB Jeffrey Wilson
|
0-0: Ball 1-0: Ball 2-0: Ball 3-0: Called Strike 3-1: Base on Balls
|
|
Batting: RHB Burt Milley
|
0-0: Swinging Strike 0-1: Ball 1-1: Swinging Strike 1-2: Foul Ball, location: 2F 1-2: Fielders Choice at 2nd, 6-4 (Groundball, 6, EV 76.9 MPH)
|
|
Batting: RHB Greg Legg
|
0-0: Ball 1-0: Swinging Strike 1-1: SINGLE (Line Drive, 9LM, EV 90.0 MPH) Burt Milley to second Runner from 2nd tries for 3rd, SAFE, throw by RF made to third
|
|
Batting: LHB Alberto Chino
|
0-0: Called Strike 0-1: Ball 1-1: Ball 2-1: Ball 3-1: Foul Ball, location: 2F 3-2: Foul Ball, location: 2F 3-2: Fly out, F8 (Flyball, 78D, EV 93.1 MPH) Runner from 3rd tags up, OUT at HOME! 8-2
|
| Bottom of the 1st over - 0 runs, 1 hit, 0 errors, 1 left on base; Williston 0 - Medicine Hat 0 |
| TOP OF THE 2ND |
|
Williston Water Wolves batting - Pitching for Medicine Hat Blue Jays : RHP Erol Akchurin
|
|
Batting: SHB Devon White
|
0-0: Ground out 4-3 (Groundball, 4, EV 106.3 MPH)
|
|
Batting: RHB Pat Borders
|
0-0: Ball 1-0: Foul Ball, location: 2F 1-1: Swinging Strike 1-2: Strikes out swinging
|
|
Batting: LHB John Mitchell
|
0-0: Called Strike 0-1: Ball 1-1: Ball 2-1: Called Strike 2-2: Foul Ball, location: 2F 2-2: Foul Ball, location: 2F 2-2: Ball 3-2: Fly out, F2 (Popup, 23F, EV 87.5 MPH)
|
| Top of the 2nd over - 0 runs, 0 hits, 0 errors, 0 left on base; Williston 0 - Medicine Hat 0 |
| BOTTOM OF THE 2ND |
|
Medicine Hat Blue Jays batting - Pitching for Williston Water Wolves : RHP Mike Warren
|
|
Batting: RHB Carlos Ponce
|
0-0: Called Strike 0-1: SINGLE (Groundball, 56D, EV 104.4 MPH)
|
|
Batting: LHB Roberto Pacheco
|
0-0: Grounds into double play, 4-6-3 (Groundball, 4, EV 109.4 MPH)
|
|
Batting: SHB Cordie Dillard
|
0-0: Called Strike 0-1: SINGLE (Line Drive, 7S, EV 105.6 MPH)
|
|
Batting: SHB Steve Roadcap
|
0-0: Swinging Strike 0-1: Ball 1-1: Ball 2-1: Ground out U3 (Groundball, 3L, EV 91.9 MPH)
|
| Bottom of the 2nd over - 0 runs, 2 hits, 0 errors, 1 left on base; Williston 0 - Medicine Hat 0 |
| TOP OF THE 3RD |
|
Williston Water Wolves batting - Pitching for Medicine Hat Blue Jays : RHP Erol Akchurin
|
|
Batting: RHB Alexis Rendon
|
0-0: Ground out 6-3 (Groundball, 6, EV 103.8 MPH)
|
|
Batting: RHB Jose Lind
|
0-0: Called Strike 0-1: Ground out 6-3 (Groundball, 6, EV 87.5 MPH)
|
|
Batting: RHB Jim Reboulet
|
0-0: Ball 1-0: Swinging Strike 1-1: SINGLE (Flyball, 56D, EV 91.9 MPH)
|
|
Batting: SHB Juan Castillo
|
0-0: Called Strike 0-1: Ball 1-1: Foul Ball, location: 2F 1-2: Foul Ball, location: 2F 1-2: Ball 2-2: Ball 3-2: Base on Balls Jim Reboulet to second
|
|
Batting: RHB Pat Jelks
|
0-0: SINGLE (Flyball, 9LS, EV 91.3 MPH) Jim Reboulet to third Juan Castillo to second Runner from 3rd tries for Home, SAFE, throw by RF to trailing runner, SAFE at third!
|
|
Batting: RHB Tom Pagnozzi
|
0-0: DOUBLE (Line Drive, 89M, EV 103.8 MPH) Juan Castillo scores Pat Jelks to third Runner from 3rd tries for Home, SAFE, throw by CF to trailing runner, OUT at third! 8-3-5
|
| Top of the 3rd over - 3 runs, 3 hits, 0 errors, 0 left on base; Williston 3 - Medicine Hat 0 |
| BOTTOM OF THE 3RD |
|
Medicine Hat Blue Jays batting - Pitching for Williston Water Wolves : RHP Mike Warren
|
|
Batting: SHB Manuel DelRosario
|
0-0: Ball 1-0: Ball 2-0: Swinging Strike 2-1: Foul Ball, location: 2F 2-2: Strikes out swinging
|
|
Batting: LHB Jeffrey Wilson
|
0-0: Called Strike 0-1: Fly out, F8 (Flyball, 8LM, EV 85.6 MPH)
|
|
Batting: RHB Burt Milley
|
0-0: SINGLE (Groundball, 56S, EV 68.1 MPH) (infield hit)
|
|
Batting: RHB Greg Legg
|
0-0: Ball Burt Milley is caught stealing 2nd base 2-4
|
| Bottom of the 3rd over - 0 runs, 1 hit, 0 errors, 0 left on base; Williston 3 - Medicine Hat 0 |
| TOP OF THE 4TH |
|
Williston Water Wolves batting - Pitching for Medicine Hat Blue Jays : RHP Erol Akchurin
|
|
Batting: SHB Devon White
|
0-0: Ground out 4-3 (Groundball, 4, EV 82.5 MPH)
|
|
Batting: RHB Pat Borders
|
0-0: Fly out, F7 (Line Drive, 7, EV 91.3 MPH)
|
|
Batting: LHB John Mitchell
|
0-0: Ball 1-0: DOUBLE (Line Drive, 9LS, EV 102.5 MPH)
|
|
Batting: RHB Alexis Rendon
|
0-0: Swinging Strike 0-1: Hit by Pitch
|
|
Batting: RHB Jose Lind
|
0-0: Swinging Strike 0-1: Ball 1-1: Foul Ball, location: 2F 1-2: Foul Ball, location: 2F 1-2: Foul Ball, location: 2F 1-2: Fly out, F9 (Line Drive, 9, EV 101.9 MPH)
|
| Top of the 4th over - 0 runs, 1 hit, 0 errors, 2 left on base; Williston 3 - Medicine Hat 0 |
| BOTTOM OF THE 4TH |
|
Medicine Hat Blue Jays batting - Pitching for Williston Water Wolves : RHP Mike Warren
|
|
Batting: RHB Greg Legg
|
0-0: Called Strike 0-1: Ball 1-1: Foul Ball, location: 2F 1-2: Foul Ball, location: 2F 1-2: Strikes out swinging
|
|
Batting: LHB Alberto Chino
|
0-0: Called Strike 0-1: Ground out U3 (Groundball, 3L, EV 78.8 MPH)
|
|
Batting: RHB Carlos Ponce
|
0-0: Ball 1-0: Ball 2-0: Ball 3-0: Base on Balls
|
|
Batting: LHB Roberto Pacheco
|
0-0: Called Strike Carlos Ponce steals 2nd base 0-1: Ball 1-1: Foul Ball, location: 2F 1-2: Foul Ball, location: 2F 1-2: Ball 2-2: Ground out 1-3 (Groundball, 23, EV 69.4 MPH)
|
| Bottom of the 4th over - 0 runs, 0 hits, 0 errors, 1 left on base; Williston 3 - Medicine Hat 0 |
| TOP OF THE 5TH |
|
Williston Water Wolves batting - Pitching for Medicine Hat Blue Jays : RHP Erol Akchurin
|
|
Batting: RHB Jim Reboulet
|
0-0: Ground out 3-1 (Groundball, 34S, EV 94.4 MPH)
|
|
Batting: SHB Juan Castillo
|
0-0: Foul Ball, location: 2F 0-1: Foul Ball, location: 2F 0-2: Ball 1-2: Ball 2-2: Ball 3-2: Ground out 4-3 (Groundball, 4, EV 81.3 MPH)
|
|
Batting: RHB Pat Jelks
|
0-0: Ball 1-0: Ball 2-0: Called Strike 2-1: Foul Ball, location: 2F 2-2: Foul Ball, location: 2F 2-2: Ball 3-2: Base on Balls
|
|
Batting: RHB Tom Pagnozzi
|
0-0: Ball 1-0: Called Strike 1-1: SINGLE (Line Drive, 3, EV 63.8 MPH) (infield hit) Pat Jelks to second
|
|
Batting: SHB Devon White
|
0-0: Ball 1-0: Called Strike 1-1: Ball 2-1: Ball 3-1: Fly out, F8 (Line Drive, 8RM, EV 100.0 MPH)
|
| Top of the 5th over - 0 runs, 1 hit, 0 errors, 2 left on base; Williston 3 - Medicine Hat 0 |
| BOTTOM OF THE 5TH |
|
Medicine Hat Blue Jays batting - Pitching for Williston Water Wolves : RHP Mike Warren
|
|
Batting: SHB Cordie Dillard
|
0-0: Called Strike 0-1: Ball 1-1: Ground out 6-3 (Groundball, 6, EV 85.6 MPH)
|
|
Batting: SHB Steve Roadcap
|
0-0: Ball 1-0: Called Strike 1-1: Foul Ball, location: 2F 1-2: SINGLE (Groundball, 4MD, EV 93.8 MPH)
|
|
Batting: SHB Manuel DelRosario
|
0-0: Ball 1-0: Called Strike 1-1: Foul Ball, location: 2F 1-2: Ball 2-2: Foul Ball, location: 2F 2-2: Ball 3-2: Strikes out looking
|
|
Batting: LHB Jeffrey Wilson
|
0-0: Ball 1-0: Foul Ball, location: 2F 1-1: Ball 2-1: DOUBLE (Line Drive, 9LS, EV 110.0 MPH) Steve Roadcap to third
|
|
Batting: RHB Burt Milley
|
0-0: Called Strike 0-1: Ground out 6-3 (Groundball, 6, EV 89.4 MPH)
|
| Bottom of the 5th over - 0 runs, 2 hits, 0 errors, 2 left on base; Williston 3 - Medicine Hat 0 |
| TOP OF THE 6TH |
|
Williston Water Wolves batting - Pitching for Medicine Hat Blue Jays : RHP Erol Akchurin
|
|
Batting: RHB Pat Borders
|
0-0: Ball 1-0: Fly out, F6 (Line Drive, 6, EV 66.3 MPH)
|
|
Batting: LHB John Mitchell
|
0-0: Called Strike 0-1: Fly out, F6 (Popup, 6MS, EV 73.1 MPH)
|
|
Batting: RHB Alexis Rendon
|
0-0: Ball 1-0: Called Strike 1-1: Ground out 6-3 (Groundball, 56, EV 83.8 MPH)
|
| Top of the 6th over - 0 runs, 0 hits, 0 errors, 0 left on base; Williston 3 - Medicine Hat 0 |
| BOTTOM OF THE 6TH |
|
Medicine Hat Blue Jays batting - Pitching for Williston Water Wolves : RHP Mike Warren
|
|
Batting: RHB Greg Legg
|
0-0: Ball 1-0: Ball 2-0: DOUBLE (Line Drive, 78D, EV 110.6 MPH)
|
|
Batting: LHB Alberto Chino
|
0-0: Ball 1-0: SINGLE (Line Drive, 34D, EV 98.1 MPH) Greg Legg to third
|
|
Batting: RHB Carlos Ponce
|
0-0: Ball 1-0: Called Strike 1-1: Ground out 6-3 (Groundball, P, EV 83.8 MPH) Greg Legg scores Alberto Chino to second
|
|
Batting: LHB Roberto Pacheco
|
0-0: Fly out, F3 (Line Drive, 3, EV 68.8 MPH)
|
|
Batting: SHB Cordie Dillard
|
0-0: Ball 1-0: Called Strike 1-1: Ball 2-1: Swinging Strike 2-2: Strikes out swinging
|
| Bottom of the 6th over - 1 run, 2 hits, 0 errors, 1 left on base; Williston 3 - Medicine Hat 1 |
| TOP OF THE 7TH |
|
Williston Water Wolves batting - Pitching for Medicine Hat Blue Jays : RHP Erol Akchurin
|
|
Batting: RHB Jose Lind
|
0-0: Ball 1-0: Called Strike 1-1: Ball 2-1: Swinging Strike 2-2: Foul Ball, location: 2F 2-2: Foul Ball, location: 2F 2-2: Ground out U3 (Groundball, 34, EV 105.6 MPH)
|
|
Batting: RHB Jim Reboulet
|
0-0: Ground out 4-3 (Groundball, 4, EV 85.0 MPH)
|
|
Batting: SHB Juan Castillo
|
0-0: Foul Ball, location: 2F 0-1: Fly out, F4 (Flyball, 34D, EV 95.0 MPH)
|
| Top of the 7th over - 0 runs, 0 hits, 0 errors, 0 left on base; Williston 3 - Medicine Hat 1 |
| BOTTOM OF THE 7TH |
|
Medicine Hat Blue Jays batting - Pitching for Williston Water Wolves : RHP Mike Warren
|
|
Batting: SHB Steve Roadcap
|
0-0: Foul Ball, location: 2F 0-1: Foul Ball, location: 2F 0-2: Strikes out looking
|
|
Batting: SHB Manuel DelRosario
|
0-0: Fly out, F6 (Flyball, 56D, EV 85.0 MPH)
|
|
Batting: LHB Jeffrey Wilson
|
0-0: Called Strike 0-1: Ball 1-1: Foul Ball, location: 2F 1-2: Foul Ball, location: 2F 1-2: SINGLE (Groundball, 6MS, EV 61.9 MPH) (infield hit)
|
|
Batting: RHB Burt Milley
|
0-0: Ball 1-0: Ball 2-0: SINGLE (Line Drive, 4D, EV 100.6 MPH) Jeffrey Wilson to second
|
|
Batting: RHB Greg Legg
|
0-0: Fielders Choice at 2nd, 5-4 (Groundball, 5, EV 84.4 MPH)
|
| Bottom of the 7th over - 0 runs, 2 hits, 0 errors, 2 left on base; Williston 3 - Medicine Hat 1 |
| TOP OF THE 8TH |
|
Williston Water Wolves batting - Pitching for Medicine Hat Blue Jays : RHP Erol Akchurin
|
|
Batting: RHB Pat Jelks
|
0-0: Fly out, F2 (Popup, 3SF, EV 75.6 MPH)
|
|
Batting: RHB Tom Pagnozzi
|
0-0: Swinging Strike 0-1: Ball 1-1: Foul Ball, location: 2F 1-2: Reached on error, E6 (Groundball, 6, EV 83.8 MPH)
|
|
Batting: SHB Devon White
|
0-0: Called Strike 0-1: Ball 1-1: Foul Ball, location: 2F 1-2: Ball 2-2: Ball 3-2: Grounds into double play, 6-4-3 (Groundball, 6, EV 82.5 MPH)
|
| Top of the 8th over - 0 runs, 0 hits, 1 error, 0 left on base; Williston 3 - Medicine Hat 1 |
| BOTTOM OF THE 8TH |
|
Medicine Hat Blue Jays batting - Pitching for Williston Water Wolves : RHP Mike Warren
|
|
Batting: LHB Alberto Chino
|
0-0: Called Strike 0-1: Ground out 4-3 (Groundball, 4, EV 82.5 MPH)
|
|
Batting: RHB Carlos Ponce
|
0-0: Called Strike 0-1: Fly out, F9 (Line Drive, 9D, EV 110.0 MPH)
|
|
Batting: LHB Roberto Pacheco
|
0-0: Swinging Strike 0-1: Fly out, F8 (Flyball, 8LS, EV 97.5 MPH)
|
| Bottom of the 8th over - 0 runs, 0 hits, 0 errors, 0 left on base; Williston 3 - Medicine Hat 1 |
| TOP OF THE 9TH |
|
Williston Water Wolves batting - Pitching for Medicine Hat Blue Jays : RHP Erol Akchurin
|
|
Batting: RHB Pat Borders
|
0-0: Ball 1-0: Ball 2-0: Called Strike 2-1: Ball 3-1: Foul Ball, location: 2F 3-2: Base on Balls
|
|
Batting: LHB John Mitchell
|
0-0: Ball 1-0: Sac Bunt to P - play at first, batter OUT! 1-3 Pat Borders to second
|
|
Batting: RHB Alexis Rendon
|
0-0: Swinging Strike 0-1: Ball 1-1: Called Strike 1-2: Ground out 6-3 (Groundball, 56, EV 91.9 MPH)
|
|
Pitching: RHP Andrew Adams
|
|
|
Batting: RHB Jose Lind
|
0-0: Ball 1-0: Called Strike 1-1: Ball 2-1: Ball 3-1: Called Strike 3-2: Ground out 6-3 (Groundball, 6, EV 82.5 MPH)
|
| Top of the 9th over - 0 runs, 0 hits, 0 errors, 1 left on base; Williston 3 - Medicine Hat 1 |
| BOTTOM OF THE 9TH |
|
Medicine Hat Blue Jays batting - Pitching for Williston Water Wolves : RHP Mike Warren
|
|
Now at 1B: Michael Breslin
|
|
|
Now at 3B: Gary Clevenger
|
|
|
Batting: SHB Cordie Dillard
|
0-0: Ball 1-0: SINGLE (Groundball, 6D, EV 95.0 MPH)
|
|
Batting: SHB Steve Roadcap
|
0-0: Ball 1-0: Fly out, F4 (Popup, 13S, EV 83.1 MPH)
|
|
Pinch Hitting: LHB Kevin Bates
|
0-0: Ball 1-0: Ball 2-0: Foul Ball, location: 2F 2-1: Foul Ball, location: 2F 2-2: SINGLE (Line Drive, 9S, EV 100.6 MPH) Cordie Dillard to second
|
|
Batting: LHB Jeffrey Wilson
|
0-0: Called Strike 0-1: Ball 1-1: Foul Ball, location: 2F 1-2: Foul Ball, location: 2F 1-2: Ball 2-2: Fielders Choice at 2nd, 3-6 (Groundball, 3, EV 82.5 MPH) Cordie Dillard to third
|
|
Batting: RHB Burt Milley
|
0-0: Ball 1-0: Ground out 5-3 (Groundball, 56S, EV 83.8 MPH)
|
| Bottom of the 9th over - 0 runs, 2 hits, 0 errors, 2 left on base; Williston 3 - Medicine Hat 1 |
|